 Dungeon Crawl Stone Soup version 0.29.1-1-gd02db6906a (webtiles) character file.

Game seed: 10827423389457095709

2741 H0rd4k the Skirmisher (level 10, -9/74 HPs)
             Began as a Human Artificer on Sept 23, 2022.
             Was an Initiate of Gozag.
             Shot with a bolt by an orc warrior (23 damage)
             ... on level 8 of the Dungeon.
             The game lasted 00:12:31 (9537 turns).

H0rd4k the Skirmisher (Human Artificer)             Turns: 9537, Time: 00:12:31

Health: -9/74      AC:  6    Str: 13    XL:     10   Next: 0%
Magic:  16/16      EV: 13    Int: 15    God:    Gozag
Gold:   416        SH:  0    Dex: 14    Spells: 9/17 levels left

rFire   + . .      SeeInvis .   i - +2 sling (vorpal)
rCold   . . .      Faith    .   (no shield)
rNeg    . . .      Spirit   .   n - +2 robe {rF+}
rPois   .          Reflect  .   (no helmet)
rElec   .          Harm     .   (no cloak)
rCorr   .          Rampage  .   (no gloves)
Will    .....                   f - +1 pair of boots of the Planets {Regen+}
Stlth   ++........              z - amulet of magic regeneration
HPRegen 1.02/turn               w - ring of flight
MPRegen 0.55/turn               (no ring)

@: lethally poisoned (-9 -> -12), flying
A: no striking features
a: Renounce Religion, Potion Petition, Call Merchant, Bribe Branch


You were on level 8 of the Dungeon.
You worshipped Gozag.
Gozag was aware of your devotion.
You visited 2 branches of the dungeon, and saw 9 of its levels.

You collected 560 gold pieces.
You paid 144 gold pieces to Gozag.

Inventory:

Hand Weapons
 i - a +2 vorpal sling (weapon)
Missiles
 v - 27 poisoned darts
Armour
 b - a +0 leather armour
 f - the +1 pair of boots of the Planets (worn) {Regen+}
   (You found it on level 3 of the Dungeon)

   Regen:     It increases your rate of health regeneration.
 m - an orb of guile
 n - a +2 robe of fire resistance (worn)
Magical Staves
 p - a staff of conjuration
 B - a staff of earth
 C - a staff of death
Jewellery
 w - a ring of flight (left hand)
 z - an amulet of magic regeneration (around neck)
Wands
 d - a wand of charming (1)
 e - a wand of iceblast (3)
Scrolls
 a - a scroll of torment {unknown}
 c - 2 scrolls of enchant armour
 h - a scroll of butterflies {unknown}
 k - 4 scrolls of magic mapping {unknown}
 l - 3 scrolls of immolation
 o - 3 scrolls of silence {unknown}
 q - 3 scrolls of fear {unknown}
 u - a scroll of acquirement {unknown}
 y - 3 scrolls of vulnerability {unknown}
 D - 4 scrolls of teleportation {unknown}
 I - a scroll of blinking {unknown}
 J - a scroll of identify
Potions
 g - a potion of haste {unknown}
 j - a potion of resistance
 r - 4 potions of heal wounds
 s - 2 potions of mutation
 t - a potion of magic
 x - a potion of lignification {unknown}
 A - 3 potions of brilliance
 E - 3 potions of curing
 F - a potion of flight {unknown}
 G - a potion of attraction {unknown}


   Skills:
 + Level 5.0 Fighting
 + Level 1.6 Maces & Flails
 + Level 9.1 Ranged Weapons
 - Level 2.0 Armour
 + Level 3.6 Dodging
 - Level 1.0 Stealth
 * Level 4.2 Spellcasting
 + Level 1.5 Translocations
 * Level 2.9 Air Magic
 + Level 1.4 Poison Magic
 - Level 3.0 Evocations


You had 9 spell levels left.
You knew the following spells:

 Your Spells              Type           Power      Damage    Failure   Level
a - Shock                 Conj/Air       28%        1d4       10%         1
b - Blink                 Tloc           14%        N/A       14%         2
c - Swiftness             Air            11%        N/A       16%         3
d - Poisonous Vapours     Pois/Air       18%        N/A       11%         2

Your spell library contained the following spells:

 Spells                   Type           Power      Damage    Failure   Level
 Airstrike                Air            5%         2d(1-17)  47%         4
 Leda's Liquefaction      Hex/Erth       1%         N/A       87%         4
 Manifold Assault         Tloc           7%         N/A       95%         5
 Lee's Rapid Deconstruct  Erth           1%         3d5*      99%         5
 Statue Form              Tmut/Erth      2%         N/A       100%        6
 Storm Form               Tmut/Air       3%         N/A       100%        7
 Corpse Rot               Necr/Pois/Air  Unusable   N/A       N/A         4

Dungeon Overview and Level Annotations

Branches:
Dungeon (8/15)             Temple (1/1) D:7
   Lair: D:8-11

Altars:
Ashenzari
Cheibriados
Dithmenos
Fedhas
Gozag
Hepliaklqana
Kikubaaqudgha
Makhleb
Nemelex Xobeh
Okawaru
Ru
Sif Muna
Trog
Uskayaw
Vehumet
Xom
Zin
The Shining One

Shops:
D:1 *=!:   D:4 :   D:7 (

Annotations:
D:3 exclusions: downstairs and 1 more exclusion
D:5 2 transporters, 1 runed translucent door, exclusions: door and 2 downstairs, Crazy Yiuf; Quingondo's ghost, novice GrEE
D:7 2 runed translucent doors, exclusion: orange crystal statue


Message History

The water moccasin bites you.
You are more poisoned.
The water moccasin poisons you!
Fire: i) +2 sling (vorpal)
Press: ? - help, Q - select action, (/) - cycle Shift-Dir - straight line, f/p - water moccasin
Aim: a water moccasin (heavily wounded, 50% to hit)
You shoot a sling bullet.
The sling bullet hits the water moccasin.
The water moccasin is almost dead.
You feel very sick.
An orc comes into view. It is wielding a +0 dagger.
The water moccasin bites you.
Fire: i) +2 sling (vorpal)
Press: ? - help, Q - select action, (/) - cycle Shift-Dir - straight line, f/p - water moccasin
Aim: a water moccasin (almost dead, 50% to hit)
You shoot a sling bullet.
The sling bullet hits the water moccasin.
The water moccasin is almost dead.
You feel very sick.
The water moccasin bites you but does no damage.
Fire: i) +2 sling (vorpal)
Press: ? - help, Q - select action, (/) - cycle Shift-Dir - straight line, f/p - water moccasin
Aim: a water moccasin (almost dead, 50% to hit)
You shoot a sling bullet.
The sling bullet closely misses the water moccasin.
The sling bullet closely misses the orc warrior.
You feel very sick. The water moccasin bites you.
* * * LOW HITPOINT WARNING * * *
The water moccasin barely misses you.
Aiming: Charm
Press: ? - help, Shift-Dir - straight line, f/p - water moccasin
Aim: a water moccasin (almost dead, chance to affect: 56%)
The water moccasin is charmed.
You feel very sick.
The orc warrior shoots a bolt.
The bolt closely misses your water moccasin.
The bolt hits you!!
You die...
Your body crumbles into a pile of gold.

## .# .##
S.#######
#.#oS@..#
#.#.###.#
#..o.##.# ##
####.##.# #.
.##.#############.
###...............
..#.
####.######.####
... #.# #.#### $.#
#.# #.....


You could see an orc warrior and a friendly water moccasin (charmed).

Vanquished Creatures
  Menkaure (D:4)
  A water moccasin (D:7)
  An orc warrior (D:5)
  3 ice beasts
  A sky beast (D:7)
  A black bear (D:7)
  2 ogres
  2 centaurs (D:5)
  A phantom (D:4)
  A kobold brigand (D:5)
  A bullfrog (D:8)
  5 necrophages
  2 scorpions
  A wight (D:4)
  A howler monkey (D:5)
  2 hounds
  A jelly (D:7)
  4 orc priests
  4 iguanas
  A gnoll bouda (D:7)
  4 orc wizards
  7 gnolls
  10 adders
  2 white imps
  2 ufetubi
  A worm (D:4)
  A dart slug (D:1)
  22 orcs
  8 endoplasms
  7 giant cockroaches
  6 hobgoblins
  7 jackals
  A quokka (D:1)
  3 ball pythons
  7 bats
  2 frilled lizards
  17 goblins
  10 kobolds
  6 rats
159 creatures vanquished.

Vanquished Creatures (collateral kills)
  An orc priest (D:4)
  An iguana (D:5)
  An orc wizard (D:7)
  Robin (D:4)
  3 gnolls
  A white imp (D:7)
  4 orcs
12 creatures vanquished.

Vanquished Creatures (others)
  An ice beast (D:5)
  An iguana (D:4)
  An adder (D:3)
  A quokka (D:4)
  2 fungi (D:2)
  2 plants (D:2)
8 creatures vanquished.

Grand Total: 179 creatures vanquished

Notes
Turn   | Place    | Note
-------+----------+-------------------------------------------
     0 | D:1      | H0rd4k the Human Artificer began the quest for the Orb.
     0 | D:1      | Reached XP level 1. HP: 15/15 MP: 1/1
     1 | D:1      | Found Qaubb's Jewellery Shoppe.
   165 | D:1      | Reached XP level 2. HP: 8/21 MP: 2/2
   367 | D:1      | Found Dewkyfeuxt's Book Shoppe.
   627 | D:1      | Reached skill level 1 in Maces & Flails
   663 | D:1      | Found Lypha's Distillery.
   908 | D:1      | Reached XP level 3. HP: 25/26 MP: 3/3
   918 | D:1      | Found Tasualoa's Assorted Antiques.
  1740 | D:2      | Reached skill level 1 in Ranged Weapons
  1765 | D:2      | Reached XP level 4. HP: 33/33 MP: 4/4
  1885 | D:2      | You fall into a shaft and drop 2 floors!
  1910 | D:4      | Reached skill level 2 in Ranged Weapons
  1911 | D:4      | Reached XP level 5. HP: 21/38 MP: 5/5
  1935 | D:4      | Noticed Menkaure
  1944 | D:4      | Reached skill level 3 in Ranged Weapons
  2319 | D:2      | Found a faded altar of an unknown god.
  2746 | D:3      | Identified the +1 pair of boots of the Planets {Regen+}
  3089 | D:4      | Reached skill level 4 in Ranged Weapons
  3089 | D:4      | Reached XP level 6. HP: 45/45 MP: 6/6
  3152 | D:4      | Noticed Robin
  3316 | D:4      | Found Jairghic's Self-Improvement Boutique.
  3330 | D:4      | Reached skill level 1 in Spellcasting
  3472 | D:4      | Found a shadowy altar of Dithmenos.
  3595 | D:4      | Killed Robin
  3596 | D:4      | Reached XP level 7. HP: 14/51 MP: 8/8
  3881 | D:4      | Reached skill level 5 in Ranged Weapons
  4288 | D:4      | Killed Menkaure
  4471 | D:4      | Reached skill level 6 in Ranged Weapons
  4471 | D:4      | Reached XP level 8. HP: 28/58 MP: 11/11
  4662 | D:4      | Found a blossoming altar of Fedhas.
  4844 | D:5      | Entered Level 5 of the Dungeon
  4856 | D:5      | Found a transporter.
  4863 | D:5      | Found a transporter.
  5523 | D:5      | Reached skill level 7 in Ranged Weapons
  5567 | D:5      | Found a runed translucent door.
  5568 | D:5      | Noticed Crazy Yiuf
  6079 | D:5      | Noticed Quingondo's ghost (novice GrEE)
  6358 | D:5      | Learned a level 1 spell: Shock
  6361 | D:5      | Learned a level 2 spell: Blink
  6365 | D:5      | Learned a level 3 spell: Swiftness
  6368 | D:5      | Learned a level 2 spell: Poisonous Vapours
  6428 | D:5      | Reached XP level 9. HP: 33/65 MP: 12/14
  7192 | D:6      | Reached skill level 8 in Ranged Weapons
  7192 | D:6      | Reached skill level 1 in Air Magic
  7270 | D:6      | Reached skill level 1 in Translocations
  7270 | D:6      | Reached skill level 1 in Poison Magic
  7706 | D:6      | Found a bloodstained altar of Trog.
  8017 | D:6      | Found a sparkling altar of Nemelex Xobeh.
  8409 | D:7      | Found a staircase to the Ecumenical Temple.
  8418 | Temple   | Entered the Ecumenical Temple
  8648 | Temple   | Became a worshipper of Gozag Ym Sagoz the Greedy
  8787 | D:7      | Found a hide-covered altar of Uskayaw.
  8813 | D:7      | Found a runed translucent door.
  8830 | D:7      | Found the +10 tower shield of Ignorance {rN+ Int-4}
  8838 | D:7      | Found a runed translucent door.
  8839 | D:7      | Noticed an orange crystal statue
  8975 | D:7      | Reached skill level 9 in Ranged Weapons
  9068 | D:7      | Found Reifem's Antique Weapon Shop.
  9357 | D:8      | Reached skill level 5 in Fighting
  9357 | D:8      | Reached XP level 10. HP: 61/74 MP: 16/16
  9537 | D:8      | Shot with a bolt by an orc warrior

Illustrated notes

Levels and vault maps discovered:
D:1:      zelgadis_glass_arrival_small, layout_basic, serial_shops, shop, shop,
          nicolae_shop_behind_doors, shop
D:2:      layout_basic, shapermc_ecumenical_altar_hornbeckon
D:3:      layout_basic, minmay_fountain_box, st_stairs_5, due_unseen_surprise
D:4:      cheibrodos_barr_body, layout_cave_pools,
          mainiacjoe_overflow_six_doors_small,
          grunt_dithmenos_smoke_and_mirrors, grunt_ministairs_5,
          nicolae_shop_self_help, uniq_menkaure, uniq_robin
D:5:      kennysheep_big_flooded_room, layout_loops_cross,
          gammafunk_ghost_stat_death, uniq_crazy_yiuf_cottage
D:6:      layout_cave_pools, nemelex_dance_club_becter,
          mainiacjoe_overflow_brackets
D:7:      layout_cave_pools, nicolae_uskayaw_dance_hall,
          minmay_temple_entry_waves, serial_shops, nicolae_shop_behind_doors,
          minivault_23, chequers_guarded_unrand_ignorance
D:8:      layout_loops_ring, minmay_mini_ossuary
Temple:   oiseaux_autumnal_temple

Skill      XL: |  1  2  3  4  5  6  7  8  9 |
---------------+----------------------------+-----
Maces & Flails | 1 |  1.6
Dodging        | 2 3 |  3.6
Ranged Weapons | 1 2 4 6 7 9 |  9.1
Fighting       | 2 3 4 5 |  5.0
Spellcasting   | 1 2 3 4 |  4.2
Air Magic      | 2 |  2.9
Translocations | 1 |  1.5
Poison Magic   | 1 |  1.4
Armour         | |  2.0
Stealth        | |  1.0
Evocations     | |  3.0

Action                   |  1- 3 |  4- 6 |  7- 9 | 10-12 || total
-------------------------+-------+-------+-------+-------++-------
Melee: Club              |    87 |       |       |       ||    87
 Fire: Sling             |    39 |   100 |   451 |     4 ||   594
 Cast: Poisonous Vapours |       |       |       |     2 ||     2
Evoke: Wand              |     3 |     9 |    19 |     4 ||    35
  Use: Scroll            |       |       |     8 |       ||     8
 Stab: Sleeping          |     1 |       |       |       ||     1
Armor: Leather armour    |    54 |       |       |       ||    54
       Robe              |     4 |    28 |    64 |     2 ||    98
Dodge: Dodged            |    90 |    48 |   164 |     4 ||   306
